 Dungeon Crawl Stone Soup version 0.30-a0-924-g0ad0bf95bc (webtiles) character file.

Game seed: 9235711231590484655

34 mopl the Chopper (level 3, -2/27 HPs)
             Began as a Formicid Warper on Mar 22, 2023.
             Slain by a gnoll
             ... wielding a +0 flail of holy wrath
              (9 damage)
             ... on level 1 of the Dungeon.
             The game lasted 00:00:53 (677 turns).

mopl the Chopper (Formicid Warper)                   Turns: 677, Time: 00:00:54

Health: -2/27      AC:  3    Str: 15    XL:     3   Next: 50%
Magic:  6/6        EV: 11    Int: 14    God:
Gold:   41         SH:  0    Dex: 13    Spells: 6/6 levels left

rFire   . . .      SeeInvis +    a - +0 hand axe
rCold   . . .      Faith    .    (no shield)
rNeg    . . .      Spirit   .    b - +0 leather armour
rPois   .          Reflect  .    (helmet unavailable)
rElec   .          Rampage  .    (no cloak)
rCorr   .                        (no gloves)
Will    .....                    (no boots)
Stlth   +                        (no amulet)
HPRegen 0.24/turn                (no ring)
MPRegen 0.10/turn                (no ring)

@: no status effects
A: permanent stasis, dig shafts and tunnels, antennae 3, four strong arms
a: Dig, Shaft Self


You were on level 1 of the Dungeon.
You visited 1 branch of the dungeon, and saw 2 of its levels.

You collected 41 gold pieces.

Inventory:

Hand Weapons
 a - a +0 hand axe (weapon)
Missiles
 d - 7 boomerangs of dispersal (quivered)
Armour
 b - a +0 leather armour (worn)
Magical Staves
 h - a staff of air
 j - a staff of cold
Scrolls
 c - 3 scrolls of blinking
 e - a scroll of teleportation {unknown}
 g - a scroll of torment {unknown}
 k - a scroll of enchant weapon {unknown}
Potions
 f - a potion of mutation {unknown}
 i - 2 potions of curing {unknown}
 l - a potion of attraction {unknown}
 m - a potion of haste {unknown}


   Skills:
 - Level 2.1 Fighting
 + Level 3.6 Axes
 - Level 1.0 Throwing
 - Level 1.1 Armour
 - Level 1.7 Dodging
 - Level 2.1 Spellcasting
 - Level 2.6 Translocations


You had 6 spell levels left.
You didn't know any spells.
Your spell library contained the following spells:

 Spells                   Type           Power      Damage    Failure   Level
 Lesser Beckoning         Tloc           18%        N/A       14%         2
 Teleport Other           Tloc           9%         N/A       28%         3
 Vhi's Electric Charge    Tloc/Air       10%        N/A       45%         3
 Frozen Ramparts          Ice            2%         1d1       65%         3
 Ozocubu's Armour         Ice            1%         N/A       65%         3
 Manifold Assault         Tloc           9%         N/A       67%         4
 Ice Form                 Ice/Tmut       1%         N/A       96%         4
 Summon Ice Beast         Ice/Summ       1%         N/A       96%         4
 Ozocubu's Refrigeration  Ice            0%         4d7       100%        7
 Blink                    Tloc           Unusable   N/A       N/A         2

Dungeon Overview and Level Annotations

Branches:
Dungeon (2/15)

Altars:


Innate Abilities, Weirdness & Mutations

You cannot be hasted, slowed, berserked, paralysed or teleported.
You can dig through walls and to a lower floor.
You have a pair of large antennae on your head. (SInv)
Your four strong arms can wield two-handed weapons with a shield.


Message History

The gnoll hits you but does no damage.
Unknown command.
You completely miss the endoplasm.
The endoplasm is almost dead.
You closely miss the gnoll. You hit the orc.
You kill the orc!
The endoplasm hits you. The gnoll barely misses you.
You barely miss the endoplasm.
The endoplasm is almost dead.
You barely miss the gnoll. The endoplasm freezes you.
You are frozen.
The gnoll barely misses you.
Unknown command.
You hit the endoplasm but do no damage.
The endoplasm is almost dead.
You barely miss the gnoll. The endoplasm freezes you.
You are frozen.
The gnoll misses you.
Unknown command.
You hit the endoplasm.
You kill the endoplasm!
You closely miss the gnoll.
The gnoll hits you with a +0 flail of holy wrath!
Unknown command.
You are too injured to fight recklessly!
Unknown command.
You are too injured to fight recklessly!
You are too injured to fight recklessly!
You hit the gnoll.
The gnoll is moderately wounded.
The gnoll barely misses you.
You closely miss the gnoll.
The gnoll is moderately wounded.
The gnoll closely misses you.
The gnoll hits you with a +0 flail of holy wrath.
* * * LOW HITPOINT WARNING * * *
You hit the gnoll.
The gnoll is heavily wounded.
The gnoll hits you with a +0 flail of holy wrath!
You die...

###.###############.#
....# #.#### ##.†#
######....# #..#
#.........# ##..#
#.######..#
.#..##########.# #..#
.#...........#.######..#
.#...######..#...).....#
.#...# #.......g@[..##.#
.#...# #.#.#.#...##.##.#
##...# #.......#.##.##.#
.....#####.#...#.#.....#
...........#...#.#########
...........#.#.#.>.......#
...........#.#.#########.#
.#.#....#..#.#........##.#
.#.........#.####.....##.#


You could see a gnoll.

Vanquished Creatures
  An orc (D:1)
  2 bats (D:1)
  5 endoplasms (D:1)
  A giant cockroach (D:1)
  3 goblins (D:1)
  A hobgoblin (D:1)
  4 jackals (D:1)
  4 kobolds (D:1)
  A quokka (D:1)
  3 ball pythons (D:1)
  4 rats (D:1)
29 creatures vanquished.

Notes
Turn   | Place    | Note
-------+----------+-------------------------------------------
     0 | D:1      | mopl the Formicid Warper began the quest for the Orb.
     0 | D:1      | Reached XP level 1. HP: 16/16 MP: 3/3
   158 | D:1      | Reached XP level 2. HP: 21/22 MP: 5/5
   232 | D:1      | Reached skill level 3 in Axes
   340 | D:1      | Reached XP level 3. HP: 23/27 MP: 6/6
   677 | D:1      | Slain by a gnoll

Illustrated notes

Levels and vault maps discovered:
D:1:      sevenhm_arrival_forest_fort_large_2, layout_basic
D:2:      layout_rooms

Skill      XL: |  1  2 |
---------------+-------+-----
Axes           | 3 |  3.6
Fighting       | |  2.1
Throwing       | |  1.0
Armour         | |  1.1
Dodging        | |  1.7
Spellcasting   | |  2.1
Translocations | |  2.6

Action                     || total
---------------------------++-------
  Melee: Hand axe          ||    87
 Armour: Leather armour    ||    19
  Dodge: Dodged            ||    62

Table legend: (Time is in decaauts)
 A = Elapsed time spent in this place.
 B = Non-inter-level travel time spent in this place.
 C = Inter-level travel time spent in this place.
 D = Time resting spent in this place.
 E = Time spent auto-exploring this place.
 F = Levels seen in this place.
 G = Mean time per level.
                   A        B        C        D        E       F      G
               +--------+--------+--------+--------+--------+-----+--------+
         Total |    689 |    672 |     17 |     23 |    464 |   2 |  344.5 |
       Dungeon |    689 |    672 |     17 |     23 |    464 |   2 |  344.5 |
               +--------+--------+--------+--------+--------+-----+--------+

Top non-repeatable levels by time:
     D:1: 686 daAuts
     D:2: 3 daAuts
